 Dungeon Crawl Stone Soup version 0.26.1-11-gd32895ea62 (webtiles) character file.

Game seed: 8303738057956856169

4690 SSird the Fighter (level 10, -7/82 HPs)
             Began as a Gnoll Wanderer on June 18, 2021.
             Was an Elder of the Shining One.
             Mangled by an orc warrior
             ... wielding a +0 long sword
              (9 damage)
             ... on level 8 of the Dungeon.
             The game lasted 00:12:24 (9038 turns).

SSird the Fighter (Gnoll Wanderer)                  Turns: 9038, Time: 00:12:25

Health: -7/82      AC: 11    Str: 17    XL:     10   Next: 44%
Magic:  14/17      EV: 15    Int: 15    God:    the Shining One [****..]
Gold:   446        SH: 19    Dex: 15    Spells: 19/19 levels left

rFire    . . .     SeeInvis .   a - +3 scimitar (freeze)
rCold    . . .     Faith    .   G - +0 kite shield
rNeg     + + .     Spirit   .   o - +2 scale mail
rPois    .         Reflect  .   (no helmet)
rElec    .         Harm     .   x - +0 cloak
rCorr    .         Rampage  .   (no gloves)
Will     .....                  (no boots)
Stlth    +.........             (no amulet)
HPRegen  0.23/turn              I - +4 ring of evasion
MPRegen  0.15/turn              (no ring)

@: divine shield, glowing
A: distributed training, fangs 1, strong nose
a: Renounce Religion, Divine Shield, Cleansing Flame


You were on level 8 of the Dungeon.
You worshipped the Shining One.
The Shining One was greatly pleased with you.
You visited 2 branches of the dungeon, and saw 9 of its levels.

You collected 446 gold pieces.

Inventory:

Hand Weapons
 a - a +3 scimitar of freezing (weapon)
 b - a +1 whip of electrocution
 d - a +0 dagger
 p - a +0 mace
 q - a +3 spear
 y - a +0 hand crossbow
 E - a +3 flail of protection
Missiles
 H - 2 throwing nets (quivered)
Armour
 o - a +2 scale mail (worn)
 x - a +0 cloak (worn)
 G - a +0 kite shield (worn)
Jewellery
 I - a +4 ring of evasion (left hand)
Wands
 z - a wand of disintegration (11)
 C - a wand of polymorph (7)
Scrolls
 e - 8 scrolls of identify {unknown}
 h - 3 scrolls of fear {unknown}
 i - a scroll of random uselessness {unknown}
 j - 5 scrolls of remove curse {unknown}
 k - 3 scrolls of enchant armour {unknown}
 m - 3 scrolls of magic mapping {unknown}
 n - 4 scrolls of teleportation {unknown}
 t - a scroll of enchant weapon {unknown}
 u - 2 scrolls of fog {unknown}
 w - a scroll of noise {unknown}
 B - a scroll of blinking {unknown}
Potions
 c - 3 potions of curing
 f - 2 potions of mutation {unknown}
 g - a potion of ambrosia {unknown}
 l - 2 potions of degeneration {unknown}
 r - a potion of flight {unknown}
 s - a potion of heal wounds {unknown}
 v - 5 potions of lignification {unknown}
 A - a potion of brilliance {unknown}
 D - a potion of berserk rage {unknown}
 F - a potion of invisibility


   Skills:
 + Level 8.5 Fighting
 + Level 5.3 Short Blades
 + Level 5.9 Long Blades
 + Level 5.3 Axes
 + Level 5.9 Maces & Flails
 + Level 5.3 Polearms
 + Level 5.3 Staves
 + Level 5.3 Slings
 + Level 5.3 Bows
 + Level 5.3 Crossbows
 + Level 5.3 Throwing
 + Level 7.1 Armour
 + Level 5.3 Dodging
 + Level 6.8 Stealth
 + Level 5.9 Shields
 + Level 5.3 Unarmed Combat
 + Level 5.3 Spellcasting
 + Level 4.3 Conjurations
 + Level 4.3 Hexes
 + Level 4.3 Summonings
 + Level 4.3 Necromancy
 + Level 4.3 Translocations
 + Level 4.3 Transmutations
 + Level 4.3 Fire Magic
 + Level 4.3 Ice Magic
 + Level 4.3 Air Magic
 + Level 4.3 Earth Magic
 + Level 4.3 Poison Magic
 + Level 5.8 Invocations
 + Level 5.3 Evocations


You had 19 spell levels left.
You didn't know any spells.
Your spell library contained the following spells:

 Spells                   Type           Power        Failure   Level
 Confusing Touch          Hex            17%          58%         3
 Gell's Gravitas          Tloc           8%           58%         3
 Petrify                  Tmut/Erth      17%          94%         4
 Metabolic Englaciation   Hex/Ice        8%           100%        5
 Yara's Violent Unravell  Hex/Tmut       8%           100%        5


Dungeon Overview and Level Annotations

Branches:
Dungeon (8/15)             Temple (1/1) D:5
   Lair: D:8-11

Altars:
Ashenzari
Cheibriados
Dithmenos
Elyvilon
Fedhas
Gozag
Hepliaklqana
Kikubaaqudgha
Makhleb
Nemelex Xobeh
Qazlal
Ru
Sif Muna
Trog
Uskayaw
Vehumet
Wu Jian
Xom
Yredelemnul
Zin
The Shining One

Shops:
D:4 !

Annotations:
D:4 2 runed translucent doors, Ekaitz's ghost, novice DsFE


Innate Abilities, Weirdness & Mutations

Your experience applies equally to all skills.
You have very sharp teeth.
Your uncanny sense of smell can sniff out nearby items.


Message History

You slash the orc! You freeze the orc.
You kill the orc!
Your shield is strengthened by the Shining One's divine power.
You block the orc warrior's attack.
Unknown command.
You hit the orc warrior. You freeze the orc warrior.
The orc warrior is lightly wounded.
You block the orc warrior's attack.
You slash the orc warrior! You freeze the orc warrior!
You bite the orc warrior, but do no damage.
The orc warrior is almost dead.
The orc warrior hits you with a +0 long sword!
* * * LOW HITPOINT WARNING * * *
The orc barely misses you.
You barely miss the orc warrior.
You bite the orc warrior, but do no damage.
The orc warrior is almost dead.
You block the orc's attack.
The orc warrior hits you with a +0 long sword!
You die...

.# ##..# .# ##..## .# ##..##
.## ##..## .(# #..## ### ..#
##.## #.# ### ##..# #.# .#
##..###### ##.# .##
##o@###...###..# ..#
##.o###.....##.## #.##
##..##........#.# #..##
#..##.........#.# ##..#
##.##..........#.# .#..###
###..............#.##
..o...###.............)..#..#
..####...#####'##.....##.##.#
####.....####...###.###...#.#


You could see an orc warrior and an orc.

Vanquished Creatures
  A two-headed ogre (D:8)
  Pikel (D:6)
  A komodo dragon (D:8)
  Grinder (D:4)
  Sigmund (D:3)
  A yak (D:8)
  Eustachio (D:4)
  An orc warrior (D:8)
  2 ice beasts (D:6)
  2 sky beasts
  2 ogres
  2 phantoms
  A centaur (D:6)
  A bullfrog (D:8)
  A scorpion (D:7)
  8 wights (D:7)
  A howler monkey (D:6)
  A bullfrog zombie (D:5)
  A quasit (D:8)
  6 hounds
  2 jellies (D:5)
  An orc priest (D:8)
  A centaur zombie (D:7)
  2 bullfrog skeletons (D:5)
  A centaur skeleton (D:7)
  Jessica (D:2)
  7 iguanas
  Terence (D:3)
  6 worker ants
  2 orc wizards
  3 hound zombies
  2 hound skeletons
  A howler monkey zombie (D:2)
  7 gnolls
  14 adders
  3 shadow imps
  3 white imps
  3 ufetubi
  3 adder skeletons
  2 adder zombies
  3 worms
  A dart slug (D:3)
  3 leopard geckos
  20 orcs
  11 bats
  A bat skeleton (D:2)
  2 bat zombies (D:2)
  13 giant cockroaches
  8 goblins
  9 hobgoblins
  8 jackals (D:2)
  12 kobolds
  2 quokkas
  2 ball pythons (D:1)
  8 frilled lizards
  2 leopard gecko zombies (D:2)
  A quokka zombie (D:2)
  12 rats
219 creatures vanquished.

Vanquished Creatures (others)
  17 fungi (D:8)
  78 plants
  2 withered plants (D:2)
97 creatures vanquished.

Grand Total: 316 creatures vanquished

Notes
Turn   | Place    | Note
-------+----------+-------------------------------------------
     0 | D:1      | SSird the Gnoll Wanderer began the quest for the Orb.
     0 | D:1      | SSird set off with the following items: a +0 mace, a +2
                  | scale mail, a potion of curing, a +0 dagger
     0 | D:1      | Reached XP level 1. HP: 23/23 MP: 1/1
    82 | D:1      | Reached XP level 2. HP: 26/29 MP: 2/2
   342 | D:1      | Reached XP level 3. HP: 31/35 MP: 3/3
   699 | D:2      | Reached skill level 1 in Invocations
   898 | D:2      | Reached skill level 1 in Short Blades
   898 | D:2      | Reached skill level 1 in Axes
   898 | D:2      | Reached skill level 1 in Polearms
   898 | D:2      | Reached skill level 1 in Staves
   898 | D:2      | Reached skill level 1 in Slings
   898 | D:2      | Reached skill level 1 in Bows
   898 | D:2      | Reached skill level 1 in Crossbows
   898 | D:2      | Reached skill level 1 in Throwing
   898 | D:2      | Reached skill level 1 in Dodging
   898 | D:2      | Reached skill level 1 in Unarmed Combat
   898 | D:2      | Reached skill level 1 in Spellcasting
   898 | D:2      | Reached skill level 1 in Evocations
   951 | D:2      | Reached XP level 4. HP: 38/41 MP: 5/5
  1232 | D:2      | Reached skill level 1 in Conjurations
  1232 | D:2      | Reached skill level 1 in Hexes
  1232 | D:2      | Reached skill level 1 in Summonings
  1232 | D:2      | Reached skill level 1 in Necromancy
  1232 | D:2      | Reached skill level 1 in Translocations
  1232 | D:2      | Reached skill level 1 in Transmutations
  1232 | D:2      | Reached skill level 1 in Fire Magic
  1232 | D:2      | Reached skill level 1 in Ice Magic
  1232 | D:2      | Reached skill level 1 in Air Magic
  1232 | D:2      | Reached skill level 1 in Earth Magic
  1232 | D:2      | Reached skill level 1 in Poison Magic
  1399 | D:2      | Reached XP level 5. HP: 41/47 MP: 5/7
  1754 | D:2      | Found a faded altar of an unknown god.
  1804 | D:2      | Became a worshipper of the Shining One
  1804 | D:2      | Reached * piety under the Shining One
  1898 | D:2      | Noticed Jessica
  1899 | D:2      | Killed Jessica
  2382 | D:3      | Noticed Terence
  2396 | D:3      | Killed Terence
  2397 | D:3      | Reached XP level 6. HP: 38/53 MP: 8/8
  2486 | D:3      | Noticed Sigmund
  2926 | D:3      | Killed Sigmund
  2927 | D:3      | Reached skill level 5 in Armour
  3401 | D:3      | Found a glowing golden altar of the Shining One.
  3628 | D:3      | Reached XP level 7. HP: 57/59 MP: 10/10
  3806 | D:4      | Reached ** piety under the Shining One
  3821 | D:4      | Reached skill level 7 in Fighting
  3966 | D:4      | Found a shadowy altar of Dithmenos.
  4005 | D:4      | Noticed Grinder
  4020 | D:5      | Entered Level 5 of the Dungeon
  4217 | D:5      | Reached skill level 5 in Stealth
  4456 | D:4      | Paralysed by Grinder for 2 turns
  4468 | D:4      | Killed Grinder
  4469 | D:4      | Reached XP level 8. HP: 53/67 MP: 10/12
  4550 | D:4      | Noticed Eustachio
  4564 | D:4      | Killed Eustachio
  4817 | D:4      | Found Usomiyha's Distillery.
  4834 | D:4      | Found a large runed translucent door.
  4835 | D:4      | Found a large runed translucent door.
  4837 | D:4      | Noticed Ekaitz's ghost (novice DsFE)
  5256 | D:5      | Found a staircase to the Ecumenical Temple.
  5438 | Temple   | Entered the Ecumenical Temple
  5950 | D:5      | Found an ornate altar of the Wu Jian Council.
  6036 | D:5      | Reached XP level 9. HP: 66/72 MP: 14/14
  6124 | D:5      | Reached *** piety under the Shining One
  6243 | D:5      | Found a shimmering blue altar of Sif Muna.
  6660 | D:6      | Noticed Pikel
  6716 | D:6      | Killed Pikel
  6717 | D:6      | Reached skill level 5 in Long Blades
  6717 | D:6      | Reached skill level 5 in Maces & Flails
  6717 | D:6      | Reached skill level 5 in Shields
  7319 | D:6      | Reached skill level 8 in Fighting
  7890 | D:7      | Reached skill level 5 in Invocations
  7939 | D:7      | Reached **** piety under the Shining One
  8221 | D:7      | Reached XP level 10. HP: 69/80 MP: 17/17
  8406 | D:7      | Found a sacrificial altar of Ru.
  8894 | D:8      | Noticed a two-headed ogre
  8903 | D:8      | Killed a two-headed ogre
  8904 | D:8      | Reached skill level 5 in Short Blades
  8904 | D:8      | Reached skill level 5 in Axes
  8904 | D:8      | Reached skill level 5 in Polearms
  8904 | D:8      | Reached skill level 5 in Staves
  8904 | D:8      | Reached skill level 5 in Slings
  8904 | D:8      | Reached skill level 5 in Bows
  8904 | D:8      | Reached skill level 5 in Crossbows
  8904 | D:8      | Reached skill level 5 in Throwing
  8904 | D:8      | Reached skill level 5 in Dodging
  8904 | D:8      | Reached skill level 5 in Unarmed Combat
  8904 | D:8      | Reached skill level 5 in Spellcasting
  8904 | D:8      | Reached skill level 5 in Evocations
  8986 | D:8      | HP: 2/82 [orc warrior/+0 long sword (9)]
  9036 | D:8      | HP: 2/82 [orc warrior/+0 long sword (12)]
  9038 | D:8      | Mangled by an orc warrior

Illustrated notes

Levels and vault maps discovered:
D:1:      lemuel_arrival_rhombus, layout_rooms, minivault_14, minmay_octomino_c4
D:2:      layout_loops_corners, serial_undead, serial_undead_f, serial_undead_a,
          serial_undead_a, serial_undead_b, serial_undead_c,
          chequers_ecumenical_altar_simple, minivault_4, minmay_misc_feat_alley,
          palyth_stone_intersect, minivault_5, grunt_ministairs_1,
          chequers_serial_rivers_large_a, uniq_jessica
D:3:      layout_loops_ring, lemuel_round_altar, kennysheep_boxes, uniq_terence,
          uniq_sigmund
D:4:      layout_cave_pools, lemuel_doored_altar, serial_glass, glass_columns_a,
          glass_columns_b, glass_columns_a, glass_columns_a, glass_columns_a,
          glass_columns_b, ebering_ghost_disaster_area, serial_shops,
          nicolae_shop_stone, dk_rats_in_the_wall, uniq_grinder, uniq_eustachio
D:5:      layout_basic, overflow_temple_1_default, led_sif_pool,
          minmay_temple_entry_hall, kennysheep_path_1
D:6:      layout_loops_ring, nicolae_lava_and_water, uniq_pikel
D:7:      layout_cave_pools, nicolae_overflow_crystal_walls,
          kennysheep_small_square
D:8:      layout_cave_pods, old_standard_altar, grunt_lair_entry_orc_guard_hut,
          grunt_ministairs_13
Temple:   nicolae_temple_elliptical

Skill      XL: |  1  2  3  4  5  6  7  8  9 10 |
---------------+-------------------------------+-----
Invocations    | 1 2 3 4 5 |  5.8
Short Blades   | 1 2 3 4 5 |  5.3
Axes           | 1 2 3 4 5 |  5.3
Polearms       | 1 2 3 4 5 |  5.3
Staves         | 1 2 3 4 5 |  5.3
Slings         | 1 2 3 4 5 |  5.3
Bows           | 1 2 3 4 5 |  5.3
Crossbows      | 1 2 3 4 5 |  5.3
Throwing       | 1 2 3 4 5 |  5.3
Dodging        | 1 2 3 4 5 |  5.3
Unarmed Combat | 1 2 3 4 5 |  5.3
Spellcasting   | 1 2 3 4 5 |  5.3
Evocations     | 1 2 3 4 5 |  5.3
Conjurations   | 1 2 3 4 |  4.3
Hexes          | 1 2 3 4 |  4.3
Summonings     | 1 2 3 4 |  4.3
Necromancy     | 1 2 3 4 |  4.3
Translocations | 1 2 3 4 |  4.3
Transmutations | 1 2 3 4 |  4.3
Fire Magic     | 1 2 3 4 |  4.3
Ice Magic      | 1 2 3 4 |  4.3
Air Magic      | 1 2 3 4 |  4.3
Earth Magic    | 1 2 3 4 |  4.3
Poison Magic   | 1 2 3 4 |  4.3
Long Blades    | 3 4 5 |  5.9
Maces & Flails | 3 4 5 |  5.9
Shields        | 3 4 5 |  5.9
Armour         | 5 6 7 |  7.1
Fighting       | 7 8 |  8.5
Stealth        | 5 6 |  6.8

Action                   |  1- 3 |  4- 6 |  7- 9 | 10-12 || total
-------------------------+-------+-------+-------+-------++-------
Melee: Mace              |   150 |       |       |       ||   150
       Bite              |    10 |     9 |    38 |    12 ||    69
       Whip              |     5 |   103 |       |       ||   108
       Punch             |     2 |     1 |     6 |       ||     9
       Flail             |       |    85 |   330 |       ||   415
       Spear             |       |     2 |       |       ||     2
       Scimitar          |       |       |    35 |    68 ||   103
Invok: Divine Shield     |       |       |     1 |     1 ||     2
 Stab: Sleeping          |     1 |       |       |       ||     1
Armor: Scale mail        |   141 |    95 |   197 |    18 ||   451
Dodge: Dodged            |   143 |   128 |   241 |    38 ||   550
Block: Kite shield       |       |       |       |    32 ||    32
       Rpst.: Scimitar   |       |       |     6 |     8 ||    14
